 Dungeon Crawl Stone Soup version 0.26-a0-1040-gbe3abf3417 (webtiles) character file.

Game seed: 5206878700856815157

5 Dracia the Skirmisher (level 1, -2/18 HPs)
             Began as a Demonspawn Wanderer on Dec 11, 2020.
             Killed from afar by a dart slug (3 damage)
             ... with a slug dart
             ... on level 1 of the Dungeon.
             The game lasted 00:00:53 (176 turns).

Dracia the Skirmisher (Demonspawn Wanderer)          Turns: 176, Time: 00:00:53

Health: -2/18      AC:  2    Str: 12    XL:     1   Next: 66%
Magic:  1/1        EV: 12    Int: 10    God:
Gold:   7          SH:  0    Dex: 15    Spells: 0/0 levels left

rFire    . . .     SeeInvis .   a - +0 dagger
rCold    . . .     Faith    .   (no shield)
rNeg     . . .     Spirit   .   e - +0 robe
rPois    .         Reflect  .   (no helmet)
rElec    .         Harm     .   (no cloak)
rCorr    .         Rampage  .   (no gloves)
Will     .....                  (no boots)
Stlth    +.........             (no amulet)
HPRegen  0.06/turn              (no ring)
MPRegen  0.07/turn              (no ring)

@: no status effects
A: no striking features
a: no special abilities


You were on level 1 of the Dungeon.
You visited 1 branch of the dungeon, and saw 1 of its levels.

You collected 7 gold pieces.


   Skills:
 * Level 3.2 Fighting
 - Level 1.7 Throwing
 - Level 1.0 Dodging
 - Level 1.0 Unarmed Combat
 - Level 1.7 Translocations
 + Level 1.2 Poison Magic


You couldn't memorise any spells.
You didn't know any spells.
Your spell library contained the following spells:

 Spells                   Type           Power        Failure   Level
 Sting                    Tmut/Pois      #...         30%         1
 Animate Skeleton         Necr           #.....       36%         1
 Poisonous Vapours        Pois/Air       #.....       41%         2
 Ignite Poison            Fire/Tmut/Pois #.......     67%         3
 Mephitic Cloud           Conj/Pois/Air  #.......     67%         3
 Vampiric Draining        Necr           #.........   75%         3
 Olgreb's Toxic Radiance  Pois           #.......     92%         4

Inventory:

Hand Weapons
 a - a +0 dagger (weapon)
Missiles
 c - 10 poisoned darts (quivered)
Armour
 e - a +0 robe (worn)
Scrolls
 b - a scroll of random uselessness {unknown}
Potions
 d - a potion of haste {unknown}
 f - a potion of curing {unknown}

Dungeon Overview and Level Annotations

Branches:
Dungeon (1/15)

Altars:

#.##.#.# #.#
##.##......# #.####
##...####.(.# ##.....
#....>###.(.# #.....#
.......##...###.....#
.....##...........#
.........###.....#
####.##............
#.@.K..............
#.##w###..###.#####
#. #.# #........# #.
#.# ##)###.#.# #. ...
..# #.#.# .. ... ###
#.# . .....## #)# ##
....## #.# #.#


You could see a dart slug and a kobold.


Message History

No target in view!
A dart slug comes into view.
Found a stone staircase leading down.
You hit the dart slug.
The dart slug is moderately wounded.
The dart slug launches a dart at you. The slug dart hits you.
You hit the dart slug.
The dart slug is heavily wounded.
The dart slug barely misses you.
You hit the dart slug.
The dart slug is heavily wounded.
You hit the dart slug.
The dart slug is severely wounded.
The kobold closely misses you. The dart slug launches a dart at you.
The slug dart hits you.
* * * LOW HITPOINT WARNING * * *
You are too injured to fight recklessly!
You don't know any spells.
You don't know any spells.
Unknown command.
You don't know any spells.
The dart slug launches a dart at you. The slug dart hits you!
* * * LOW HITPOINT WARNING * * *
The kobold completely misses you. The dart slug launches a dart at you.
The slug dart hits you.
You die...

Action                   || total
-------------------------++-------
Melee: Dagger            ||    24
 Stab: Sleeping          ||     1
Dodge: Dodged            ||    13

Levels and vault maps discovered:
D:1:      dpeg_arrival_long_road, layout_loops_ring

Notes
Turn   | Place    | Note
-------+----------+-------------------------------------------
     0 | D:1      | Dracia the Demonspawn Wanderer began the quest for the Orb.
     0 | D:1      | Dracia set off with the following items: a +0 dagger, 10
                  | poisoned darts, a +0 robe; and the following spells
                  | available to memorise: Sting, Animate Skeleton, Poisonous
                  | Vapours, Ignite Poison, Mephitic Cloud, Vampiric Draining,
                  | Olgreb's Toxic Radiance
     0 | D:1      | Reached XP level 1. HP: 18/18 MP: 1/1
   174 | D:1      | HP: 1/18 [dart slug/slug dart (7)]
   176 | D:1      | Killed from afar by a dart slug

Vanquished Creatures
  A goblin (D:1)
  A hobgoblin (D:1)
  A kobold (D:1)
  2 rats (D:1)
5 creatures vanquished.

Table legend: (Time is in decaauts)
 A = Elapsed time spent in this place.
 B = Non-inter-level travel time spent in this place.
 C = Inter-level travel time spent in this place.
 D = Time resting spent in this place.
 E = Time spent auto-exploring this place.
 F = Levels seen in this place.
 G = Mean time per level.
                   A        B        C        D        E       F      G
               +--------+--------+--------+--------+--------+-----+--------+
         Total |    176 |    176 |      0 |     75 |     51 |   1 |  176.0 |
       Dungeon |    176 |    176 |      0 |     75 |     51 |   1 |  176.0 |
               +--------+--------+--------+--------+--------+-----+--------+

Top non-repeatable levels by time:
     D:1: 176 daAuts

Table legend:
 A = Non-vault XP
 B = Vault XP
 C = Vault XP percentage of total XP
 D = Non-vault monster count
 E = Vault monster count
 F = Vault count percentage of total count
                 A         B        C        D         E       F
            +---------+---------+-------+---------+---------+-------
      Total |       8 |       0 |   0.0 |       5 |       0 |   0.0
            +---------+---------+-------+---------+---------+-------
        D:1 |       8 |       0 |   0.0 |       5 |       0 |   0.0
            +---------+---------+-------+---------+---------+-------
